TOP OF THE 1ST |
Oklahoma City Dodgers batting - Pitching for Indianapolis Indians : RHP Antonio Alvarez
|
Pitching: RHP Antonio Alvarez
|
|
Batting: RHB Curt Earnest
|
0-0: Ball 1-0: Ball 2-0: Ball 3-0: Base on Balls
|
Batting: RHB Jeremy Giesler
|
0-0: Fly out, F4 (Line Drive, 4, EV 65.6 MPH)
|
Batting: LHB Jose Robles
|
0-0: Ball Curt Earnest steals 2nd base 1-0: Called Strike 1-1: Called Strike 1-2: Ball 2-2: Ball 3-2: Base on Balls
|
Batting: LHB Steve Pond
|
0-0: Ball 1-0: Fielders Choice at 2nd, 3-6 (Groundball, 3S, EV 76.9 MPH) Curt Earnest to third
|
Batting: LHB Chris Fandino
|
0-0: Ball 1-0: Called Strike 1-1: Ball 2-1: Fielders Choice at 2nd, 6-4 (Groundball, 6, EV 83.8 MPH)
|
Top of the 1st over - 0 runs, 0 hits, 0 errors, 2 left on base; Oklahoma City 0 - Indianapolis 0 |
BOTTOM OF THE 1ST |
Indianapolis Indians batting - Pitching for Oklahoma City Dodgers : RHP Mike Zimmerly
|
Pitching: RHP Mike Zimmerly
|
|
Batting: RHB Jerry Escamilla
|
0-0: Called Strike 0-1: Ball 1-1: Bunt missed! 1-2: Ball 2-2: Ball 3-2: Foul Ball, location: 2F 3-2: Foul Ball, location: 2F 3-2: DOUBLE (Flyball, 89XD, EV 104.4 MPH)
|
Batting: RHB Bubba Tierney
|
0-0: Ball 1-0: Ball 2-0: Ball 3-0: Base on Balls
|
Batting: LHB Edwin Aguilar
|
0-0: Ball 1-0: Foul Ball, location: 2F 1-1: Foul Ball, location: 2F 1-2: Strikes out looking
|
Batting: RHB Adam Kaeser
|
0-0: Swinging Strike 0-1: Ball 1-1: Ball 2-1: Grounds into double play, 6-4-3 (Groundball, 6, EV 103.8 MPH)
|
Bottom of the 1st over - 0 runs, 1 hit, 0 errors, 1 left on base; Oklahoma City 0 - Indianapolis 0 |
TOP OF THE 2ND |
Oklahoma City Dodgers batting - Pitching for Indianapolis Indians : RHP Antonio Alvarez
|
Batting: RHB T.J. Jordan
|
0-0: Fly out, F7 (Flyball, 7, EV 88.1 MPH)
|
Batting: RHB Carlos Talavera
|
0-0: Ground out 5-3 (Groundball, 56, EV 105.6 MPH)
|
Batting: LHB Chris Raymond
|
0-0: Ball 1-0: Ball 2-0: Ball 3-0: Base on Balls
|
Batting: LHB Darrell Ortega
|
0-0: Swinging Strike 0-1: Ball 1-1: Foul Ball, location: 2F 1-2: Strikes out looking
|
Top of the 2nd over - 0 runs, 0 hits, 0 errors, 1 left on base; Oklahoma City 0 - Indianapolis 0 |
BOTTOM OF THE 2ND |
Indianapolis Indians batting - Pitching for Oklahoma City Dodgers : RHP Mike Zimmerly
|
Batting: RHB Chris Pozzi
|
0-0: Single, Error in OF, E9, batter to second base (Groundball, 34D, EV 99.4 MPH)
|
Batting: LHB Alberto Figueroa
|
0-0: Called Strike 0-1: Ball 1-1: Foul Ball, location: 2F 1-2: Ground out 4-3 (Groundball, 4D, EV 102.5 MPH) Chris Pozzi to third
|
Batting: RHB Caleb Russell
|
0-0: Swinging Strike 0-1: Foul Ball, location: 2F 0-2: Ball 1-2: Ground out 4-3 (Groundball, 4, EV 91.9 MPH) Chris Pozzi scores
|
Batting: RHB Matt Keef
|
0-0: Called Strike 0-1: Called Strike 0-2: Foul Ball, location: 2F 0-2: Ball 1-2: Strikes out looking
|
Bottom of the 2nd over - 1 run, 1 hit, 1 error, 0 left on base; Oklahoma City 0 - Indianapolis 1 |
TOP OF THE 3RD |
Oklahoma City Dodgers batting - Pitching for Indianapolis Indians : RHP Antonio Alvarez
|
Batting: RHB Curt Earnest
|
0-0: Swinging Strike 0-1: Ball 1-1: Ball 2-1: Ball 3-1: Base on Balls
|
Batting: RHB Jeremy Giesler
|
0-0: Called Strike Curt Earnest is caught stealing 2nd base 2-4 0-1: Foul Ball, location: 2F 0-2: Ball 1-2: Foul Ball, location: 2F 1-2: Ball 2-2: SINGLE (Line Drive, 89S, EV 100.0 MPH)
|
Batting: LHB Jose Robles
|
0-0: Called Strike Jeremy Giesler steals 2nd base 0-1: Ball 1-1: Called Strike 1-2: Ball 2-2: Strikes out looking
|
Batting: LHB Steve Pond
|
0-0: Called Strike 0-1: SINGLE (Flyball, 89S, EV 85.6 MPH) Jeremy Giesler to third Runner from 3rd tries for Home, SAFE, throw by CF to home Steve Pond to second
|
Batting: LHB Chris Fandino
|
0-0: Called Strike 0-1: DOUBLE (Line Drive, 5D, EV 96.2 MPH) Steve Pond scores
|
Batting: RHB T.J. Jordan
|
0-0: Ball 1-0: Ground out U3 (Groundball, 23, EV 85.0 MPH)
|
Top of the 3rd over - 2 runs, 3 hits, 0 errors, 1 left on base; Oklahoma City 2 - Indianapolis 1 |
BOTTOM OF THE 3RD |
Indianapolis Indians batting - Pitching for Oklahoma City Dodgers : RHP Mike Zimmerly
|
Batting: RHB Slamet Pamungkas
|
0-0: Called Strike 0-1: Ball 1-1: Ball 2-1: Foul Ball, location: 2F 2-2: Ball 3-2: Foul Ball, location: 2F 3-2: Ground out 5-3 (Groundball, 56S, EV 80.0 MPH)
|
Batting: RHB Jerry Escamilla
|
0-0: Swinging Strike 0-1: Swinging Strike 0-2: Ball 1-2: Ball 2-2: Foul Ball, location: 2F 2-2: Foul Ball, location: 2F 2-2: Foul Ball, location: 2F 2-2: Foul Ball, location: 2F 2-2: Ball 3-2: Base on Balls
|
Batting: RHB Bubba Tierney
|
0-0: Ball 1-0: Swinging Strike 1-1: Called Strike 1-2: Strikes out swinging
|
Batting: LHB Edwin Aguilar
|
0-0: Ball 1-0: Fielders Choice at 2nd, 6-4 (Groundball, 4M, EV 85.0 MPH)
|
Bottom of the 3rd over - 0 runs, 0 hits, 0 errors, 1 left on base; Oklahoma City 2 - Indianapolis 1 |
TOP OF THE 4TH |
Oklahoma City Dodgers batting - Pitching for Indianapolis Indians : RHP Antonio Alvarez
|
Batting: RHB Carlos Talavera
|
0-0: Ball 1-0: SOLO HOME RUN (Flyball, 8RXD, EV 106.2 MPH), Distance : 416 ft
|
Batting: LHB Chris Raymond
|
0-0: Called Strike 0-1: Called Strike 0-2: Foul Ball, location: 2F 0-2: Strikes out swinging
|
Batting: LHB Darrell Ortega
|
0-0: Called Strike 0-1: Ball 1-1: Called Strike 1-2: Ball 2-2: Foul Ball, location: 2F 2-2: Ball 3-2: Base on Balls
|
Batting: RHB Curt Earnest
|
0-0: Foul Ball, location: 2F 0-1: Swinging Strike 0-2: Foul Ball, location: 2F 0-2: Ball 1-2: Strikes out looking
|
Batting: RHB Jeremy Giesler
|
0-0: Called Strike 0-1: Fielders Choice at 2nd, 6-4 (Groundball, 6, EV 79.4 MPH)
|
Top of the 4th over - 1 run, 1 hit, 0 errors, 1 left on base; Oklahoma City 3 - Indianapolis 1 |
BOTTOM OF THE 4TH |
Indianapolis Indians batting - Pitching for Oklahoma City Dodgers : RHP Mike Zimmerly
|
Batting: RHB Adam Kaeser
|
0-0: Called Strike 0-1: Called Strike 0-2: Strikes out swinging
|
Batting: RHB Chris Pozzi
|
0-0: Called Strike 0-1: Foul Ball, location: 2F 0-2: Strikes out swinging
|
Batting: LHB Alberto Figueroa
|
0-0: Called Strike 0-1: Ball 1-1: Foul Ball, location: 2F 1-2: Strikes out swinging
|
Bottom of the 4th over - 0 runs, 0 hits, 0 errors, 0 left on base; Oklahoma City 3 - Indianapolis 1 |
TOP OF THE 5TH |
Oklahoma City Dodgers batting - Pitching for Indianapolis Indians : RHP Antonio Alvarez
|
Batting: LHB Jose Robles
|
0-0: Fly out, F5 (Popup, 25F, EV 89.4 MPH)
|
Batting: LHB Steve Pond
|
0-0: Ball 1-0: Called Strike 1-1: Fly out, F9 (Flyball, 89S, EV 88.8 MPH)
|
Batting: LHB Chris Fandino
|
0-0: Called Strike 0-1: Ball 1-1: Ball 2-1: Ground out 6-3 (Groundball, P, EV 85.6 MPH)
|
Top of the 5th over - 0 runs, 0 hits, 0 errors, 0 left on base; Oklahoma City 3 - Indianapolis 1 |
BOTTOM OF THE 5TH |
Indianapolis Indians batting - Pitching for Oklahoma City Dodgers : RHP Mike Zimmerly
|
Batting: RHB Caleb Russell
|
0-0: Ball 1-0: Ball 2-0: Ground out 5-3 (Groundball, 5L, EV 106.9 MPH)
|
Batting: RHB Matt Keef
|
0-0: Ball 1-0: Called Strike 1-1: Fly out, F9 (Flyball, 89M, EV 95.6 MPH)
|
Batting: RHB Slamet Pamungkas
|
0-0: Hit by Pitch
|
Batting: RHB Jerry Escamilla
|
0-0: Ball 1-0: Foul Ball, location: 2F 1-1: Called Strike 1-2: Foul Ball, location: 2F 1-2: Foul Ball, location: 2F 1-2: SINGLE (Groundball, 6MS, EV 70.6 MPH) (infield hit) Slamet Pamungkas to second
|
Batting: RHB Bubba Tierney
|
0-0: Ball 1-0: Ball 2-0: Called Strike 2-1: Swinging Strike 2-2: Foul Ball, location: 2F 2-2: Ball 3-2: Foul Ball, location: 2F 3-2: Strikes out looking
|
Bottom of the 5th over - 0 runs, 1 hit, 0 errors, 2 left on base; Oklahoma City 3 - Indianapolis 1 |
TOP OF THE 6TH |
Oklahoma City Dodgers batting - Pitching for Indianapolis Indians : RHP Antonio Alvarez
|
Batting: RHB T.J. Jordan
|
0-0: Ball 1-0: Foul Ball, location: 2F 1-1: Called Strike 1-2: Ball 2-2: Ground out 6-3 (Groundball, 6, EV 96.9 MPH)
|
Batting: RHB Carlos Talavera
|
0-0: Swinging Strike 0-1: Ball 1-1: Called Strike 1-2: Fly out, F9 (Flyball, 9LM, EV 84.4 MPH)
|
Batting: LHB Chris Raymond
|
0-0: Called Strike 0-1: Foul Ball, location: 2F 0-2: Ball 1-2: Reached on error, E4 (Groundball, 4, EV 105.0 MPH)
|
Batting: LHB Darrell Ortega
|
0-0: Foul Ball, location: 2F 0-1: Ball 1-1: Swinging Strike 1-2: Foul Ball, location: 2F 1-2: Foul Ball, location: 2F 1-2: Ball 2-2: Ball 3-2: Base on Balls Chris Raymond to second
|
Batting: RHB Curt Earnest
|
0-0: Fielders Choice at 2nd, 6-4 (Groundball, 6, EV 86.9 MPH)
|
Top of the 6th over - 0 runs, 0 hits, 1 error, 2 left on base; Oklahoma City 3 - Indianapolis 1 |
BOTTOM OF THE 6TH |
Indianapolis Indians batting - Pitching for Oklahoma City Dodgers : RHP Mike Zimmerly
|
Batting: LHB Edwin Aguilar
|
0-0: Called Strike 0-1: Foul Ball, location: 2F 0-2: Ball 1-2: Strikes out swinging
|
Batting: RHB Adam Kaeser
|
0-0: Ball 1-0: Fly out, F8 (Line Drive, 8RM, EV 93.1 MPH)
|
Batting: RHB Chris Pozzi
|
0-0: Ball 1-0: Ball 2-0: Foul Ball, location: 2F 2-1: Foul Ball, location: 2F 2-2: Ball 3-2: Fly out, F8 (Flyball, 8LXD, EV 93.1 MPH)
|
Bottom of the 6th over - 0 runs, 0 hits, 0 errors, 0 left on base; Oklahoma City 3 - Indianapolis 1 |
TOP OF THE 7TH |
Oklahoma City Dodgers batting - Pitching for Indianapolis Indians : RHP Antonio Alvarez
|
Batting: RHB Jeremy Giesler
|
0-0: SINGLE (Groundball, 56, EV 100.6 MPH) (infield hit)
|
Batting: LHB Jose Robles
|
|
DELAY
|
Rain delay of 67 minutes in the 7th inning.
|
Pitching: RHP Albert Carrero
|
0-0: Ball 1-0: Fielders Choice at 2nd, 3-6 (Groundball, 3, EV 81.2 MPH)
|
Batting: LHB Steve Pond
|
0-0: Foul Ball, location: 2F 0-1: Ball 1-1: Ball 2-1: Fielders Choice at 2nd, 1-6 (Groundball, 13, EV 64.4 MPH)
|
Pitching: RHP Doug Rawson
|
|
Batting: LHB Chris Fandino
|
0-0: Called Strike 0-1: SINGLE (Groundball, 34D, EV 108.8 MPH) Steve Pond to second Runner from 2nd tries for 3rd, SAFE, throw by RF made to third Chris Fandino to second
|
Batting: RHB T.J. Jordan
|
0-0: Called Strike 0-1: Ball 1-1: Ball 2-1: Ground out 5-3 (Groundball, 56, EV 87.5 MPH)
|
Top of the 7th over - 0 runs, 2 hits, 0 errors, 2 left on base; Oklahoma City 3 - Indianapolis 1 |
BOTTOM OF THE 7TH |
Indianapolis Indians batting - Pitching for Oklahoma City Dodgers : RHP Mike Zimmerly
|
Pitching: LHP Dave Burridge
|
|
Batting: LHB Alberto Figueroa
|
0-0: Ball 1-0: Swinging Strike 1-1: Ball 2-1: Called Strike 2-2: Fly out, F5 (Popup, 5F, EV 80.0 MPH)
|
Batting: RHB Caleb Russell
|
0-0: Ground out 5-3 (Groundball, 56, EV 93.8 MPH)
|
Batting: RHB Matt Keef
|
0-0: Ball 1-0: Called Strike 1-1: Foul Ball, location: 2F 1-2: Strikes out swinging
|
Bottom of the 7th over - 0 runs, 0 hits, 0 errors, 0 left on base; Oklahoma City 3 - Indianapolis 1 |
TOP OF THE 8TH |
Oklahoma City Dodgers batting - Pitching for Indianapolis Indians : RHP Doug Rawson
|
Pitching: RHP Hugo Rodriguez
|
|
Batting: RHB Carlos Talavera
|
0-0: Ball 1-0: Swinging Strike 1-1: Called Strike 1-2: Strikes out swinging
|
Batting: LHB Chris Raymond
|
0-0: Ball 1-0: Ball 2-0: Called Strike 2-1: Foul Ball, location: 2F 2-2: Foul Ball, location: 2F 2-2: Strikes out looking
|
Batting: LHB Darrell Ortega
|
0-0: Called Strike 0-1: Called Strike 0-2: Fly out, F9 (Flyball, 89D, EV 90.6 MPH)
|
Top of the 8th over - 0 runs, 0 hits, 0 errors, 0 left on base; Oklahoma City 3 - Indianapolis 1 |
BOTTOM OF THE 8TH |
Indianapolis Indians batting - Pitching for Oklahoma City Dodgers : LHP Dave Burridge
|
Batting: RHB Slamet Pamungkas
|
0-0: Called Strike 0-1: Ball 1-1: Foul Ball, location: 2F 1-2: Foul Ball, location: 2F 1-2: Strikes out swinging
|
Batting: RHB Jerry Escamilla
|
0-0: Ball 1-0: Ball 2-0: Ball 3-0: Base on Balls
|
Batting: RHB Bubba Tierney
|
0-0: Ball 1-0: Ball 2-0: Ball 3-0: Base on Balls Jerry Escamilla to second
|
Pinch Hitting: RHB Isaiah Yarbrough
|
0-0: Ball 1-0: SINGLE (Line Drive, 6D, EV 103.1 MPH) Jerry Escamilla to third Bubba Tierney to second Runner from 3rd tries for Home, SAFE, throw by CF to home
|
Batting: RHB Adam Kaeser
|
0-0: Called Strike 0-1: Swinging Strike 0-2: Strikes out swinging
|
Batting: RHB Chris Pozzi
|
0-0: Ball Passed Ball! Bubba Tierney to third Isaiah Yarbrough to second 1-0: Ball 2-0: Called Strike 2-1: Ball 3-1: Foul Ball, location: 2F 3-2: Base on Balls
|
Pitching: LHP J.P. Blair
|
|
Pinch Hitting: RHB Luis Ramos
|
0-0: Ball 1-0: Ball 2-0: Fielders Choice at 2nd, 6-4 (Groundball, 6, EV 111.2 MPH)
|
Bottom of the 8th over - 1 run, 1 hit, 0 errors, 3 left on base; Oklahoma City 3 - Indianapolis 2 |
TOP OF THE 9TH |
Oklahoma City Dodgers batting - Pitching for Indianapolis Indians : RHP Hugo Rodriguez
|
Now in LF: Luis Ramos
|
|
Now in RF: Isaiah Yarbrough
|
|
Batting: RHB Curt Earnest
|
0-0: Foul Ball, location: 2F 0-1: Ball 1-1: Swinging Strike 1-2: Ball 2-2: Strikes out swinging
|
Batting: RHB Jeremy Giesler
|
0-0: Foul Ball, location: 2F 0-1: Ball 1-1: Swinging Strike 1-2: Fly out, F9 (Flyball, 9LD, EV 98.8 MPH)
|
Batting: LHB Jose Robles
|
0-0: DOUBLE (Groundball, 3L, EV 100.6 MPH)
|
Batting: LHB Steve Pond
|
0-0: Ground out 5-3 (Groundball, 56, EV 83.8 MPH)
|
Top of the 9th over - 0 runs, 1 hit, 0 errors, 1 left on base; Oklahoma City 3 - Indianapolis 2 |
BOTTOM OF THE 9TH |
Indianapolis Indians batting - Pitching for Oklahoma City Dodgers : LHP J.P. Blair
|
Pitching: RHP Juan Hurtado
|
|
Now at 1B: Robin More
|
|
Batting: RHB Caleb Russell
|
0-0: Called Strike 0-1: Ball 1-1: Ball 2-1: Fly out, F7 (Flyball, 7, EV 93.1 MPH)
|
Pinch Hitting: LHB Marc Carter
|
0-0: Called Strike 0-1: Ball 1-1: Foul Ball, location: 2F 1-2: Ball 2-2: Strikes out looking
|
Batting: RHB Slamet Pamungkas
|
0-0: Ball 1-0: Foul Ball, location: 2F 1-1: Ball 2-1: Ground out 6-3 (Groundball, 56, EV 87.5 MPH)
|
Bottom of the 9th over - 0 runs, 0 hits, 0 errors, 0 left on base; Oklahoma City 3 - Indianapolis 2 |
|